 Dungeon Crawl Stone Soup version 0.31.0-12-g77e489cdc1 (webtiles) character file.

Game seed: 11020581601346447847

89929 gohu the Earth Mage (level 15, -1/92 HPs)
             Began as a Gargoyle Earth Elementalist on Mar 4, 2024.
             Was a High Priest of Sif Muna.
             Slain by a large slime creature (15 damage)
             ... on level 13 of the Dungeon.
             The game lasted 01:26:40 (32941 turns).

gohu the Earth Mage (Gargoyle Earth Elementalist)  Turns: 32941, Time: 01:26:41

Health: -1/92      AC: 23    Str: 12    XL:     15   Next: 99%
Magic:  3/36       EV: 11    Int: 29    God:    Sif Muna [*****.]
Gold:   863        SH:  6    Dex: 15    Spells: 11/30 levels left

rFire   . . .        p - +1 sling (freeze)
rCold   + + .        L - +1 buckler {rC+}
rNeg    + . .        C - +2 leather armour {rC+}
rPois   ∞            D - +0 helmet
rElec   +            W - +0 cloak
rCorr   +            v - +0 pair of gloves
SInv    .            n - +1 pair of boots of the Sea {rElec Dex+5}
Will    +....        l - amulet of regeneration
Stlth   +            y - ring of magical power
HPRegen 1.15/turn    A - ring of Desertification {rPois rCorr Int+6 Slay+3 Stlth-}
MPRegen 0.25/turn

%: no passive effects
@: flying
A: sickness immunity, AC +11, big wings, negative energy resistance 1,
electricity resistance, torment resistance 1, petrification resistance
a: Renounce Religion, Channel Magic, Forget Spell, Divine Exegesis


You were on level 13 of the Dungeon.
You worshipped Sif Muna.
Sif Muna was extremely pleased with you.
You visited 3 branches of the dungeon, and saw 19 of its levels.
You also visited: Bailey and Ice Cave.

You collected 2276 gold pieces.
You spent 1413 gold pieces at shops.

Inventory:

Hand Weapons
 p - a +1 sling of freezing (weapon)
Missiles
 J - 3 throwing nets
 K - a silver javelin
 M - 11 boomerangs
Armour
 f - a +0 kite shield
 n - the +1 pair of boots of the Sea (worn) {rElec Dex+5}
   (You acquired it on level 12 of the Dungeon)

   Dex+5:     It affects your dexterity (+5).
   rElec:     It insulates you from electricity.
 v - a +0 pair of gloves (worn)
 C - a +2 leather armour of cold resistance (worn)
 D - a +0 helmet (worn)
 L - a +1 buckler of cold resistance (worn)
 N - a +2 pair of boots of flying
 W - a +0 cloak (worn)
Magical Staves
 R - a staff of fire
 V - a staff of alchemy
Jewellery
 a - the ring "Zyseikh" {Wiz rElec rCorr}
   (You took it off a centaur warrior on level 9 of the Dungeon)

   [ring of wizardry]

   Wiz:       It improves your spell success rate.
   rElec:     It insulates you from electricity.
   rCorr:     It protects you from acid and corrosion.
 l - an amulet of regeneration (around neck)
 w - a +6 ring of strength
 y - a ring of magical power (left hand)
 A - the ring of Desertification (right hand) {rPois rCorr Int+6 Slay+3 Stlth-}
   (You found it on level 3 of the Lair of Beasts)

   [ring of poison resistance]

   Int+6:     It affects your intelligence (+6).
   Slay+3:    It affects your accuracy & damage with ranged weapons and melee
   (+3).
   rPois:     It protects you from poison rCorr: It protects you from acid and
   corrosion.
   Stlth-:    It makes you less stealthy.
 E - a +5 ring of evasion
 F - a ring of ice
 G - an amulet of reflection
 Q - an amulet of faith
 T - a ring of positive energy
Wands
 k - a wand of mindburst (5)
 u - a wand of digging (5)
 H - a wand of polymorph (3)
 O - a wand of roots (24)
 P - a wand of quicksilver (7)
 U - a wand of charming (8)
Scrolls
 c - 9 scrolls of teleportation
 o - 4 scrolls of fog
 q - a scroll of identify
 r - 8 scrolls of enchant weapon
 t - 5 scrolls of silence
 x - 10 scrolls of enchant armour
 S - 6 scrolls of revelation
 Y - 3 scrolls of fear
 Z - a scroll of blinking
Potions
 b - 2 potions of might
 d - 3 potions of haste
 e - 4 potions of curing
 g - 3 potions of magic
 h - 5 potions of enlightenment {unknown}
 i - 5 potions of heal wounds
 j - 7 potions of brilliance {unknown}
 m - 3 potions of mutation
 s - 4 potions of berserk rage {unknown}
 z - 3 potions of resistance {unknown}
 B - 4 potions of cancellation {unknown}
 I - 5 potions of lignification
 X - 2 potions of ambrosia


   Skills:
 + Level 9.9 Fighting
 + Level 7.2 Armour
 + Level 2.4 Dodging
 - Level 2.1 Stealth
 + Level 5.6 Shields
 + Level 8.4 Spellcasting
 - Level 16.9 Conjurations
 - Level 18.4 Earth Magic
 * Level 10.3 Invocations


You had 11 spell levels left.
You knew the following spells:

 Your Spells              Type           Power      Damage    Failure   Level
a - Stone Arrow           Conj/Erth      100%       3d13      0%          3
b - Bombard               Conj/Erth      43%        9d7       1%          6
c - Brom's Barrelling Bo  Conj/Erth      86%        2d10      1%          4
d - Lee's Rapid Deconstr  Erth           44%        3d21*     1%          5
e - Sandblast             Erth           100%       2d20      0%          1

Your spell library contained the following spells:

 Spells                   Type           Power      Damage    Failure   Level
 Magic Dart               Conj           100%       1d8       0%          1
 Passwall                 Erth           88%        N/A       0%          3
 Shock                    Conj/Air       100%       1d9       1%          1
 Dazzling Flash           Conj/Hex       100%       N/A       1%          3
 Leda's Liquefaction      Alch/Erth      30%        N/A       1%          4
 Petrify                  Alch/Erth      60%        N/A       1%          4
 Fireball                 Conj/Fire      28%        3d12      6%          5
 Apportation              Tloc           24%        N/A       8%          1
 Blink                    Tloc           24%        N/A       11%         2
 Call Imp                 Summ           24%        N/A       11%         2
 Jinxbite                 Hex            24%        N/A       11%         2
 Freezing Cloud           Conj/Ice/Air   22%        6-21      21%         5
 Summon Ice Beast         Ice/Summ       12%        N/A       22%         3
 Swiftness                Air            12%        N/A       22%         3
 Volatile Blastmotes      Fire/Tloc      24%        2d12      22%         3
 Starburst                Conj/Fire      28%        6d9       34%         6
 Airstrike                Air            6%         2d(1-17)  58%         4
 Cause Fear               Hex            6%         N/A       58%         4
 Ignite Poison            Fire/Alch      12%        N/A       58%         4
 Alistair's Intoxication  Alch           8%         N/A       90%         5
 Summon Mana Viper        Hex/Summ       12%        N/A       90%         5
 Monstrous Menagerie      Summ           6%         N/A       100%        7
 Summon Hydra             Summ           6%         N/A       100%        7
 Maxwell's Capacitive Co  Air            6%         ∞         100%        8
 Dragon's Call            Summ           6%         N/A       100%        9
 Cigotuvi's Dreadful Rot  Necr/Alch/Air  Unusable   N/A       N/A         2
 Sublimation of Blood     Necr           Unusable   N/A       N/A         2

Dungeon Overview and Level Annotations

Branches:
Dungeon (13/15)            Temple (1/1) D:6            Lair (5/5) D:8
  Swamp (0/4) Lair:2       Spider (0/4) Lair:2        Slime (0/5) Lair:5
    Orc (0/2) D:9          Vaults (0/5) D:13         Bailey (visited)
  IceCv (visited)

Altars:
Ashenzari
Cheibriados
Dithmenos
Elyvilon
Fedhas
Gozag
Hepliaklqana
Kikubaaqudgha
Makhleb
Nemelex Xobeh
Okawaru
Qazlal
Ru
Sif Muna
Trog
Uskayaw
Vehumet
Wu Jian
Xom
Yredelemnul
Zin
The Shining One
Jiyva

Shops:
D:6 =[*(?   D:7 (?   D:9 *


Innate Abilities, Weirdness & Mutations

You are immune to sickness and miasma.
Your stone body is resilient. (AC +11)
You are immune to poison.
Your large and strong wings let you fly.
You resist negative energy. (rN+)
You are resistant to electric shocks. (rElec)
You are resistant to unholy torment.
You are immune to petrification.


Message History

You block the large slime creature's attack.
Casting: Bombard (dangerous; 1% risk of failure)
Confirm with . or Enter, or press ? or * to list all spells.
Aiming: Bombard (dangerous; 1% risk of failure)
Press: ? - help, Shift-Dir - straight line, f/p - large slime creature
Aim: a large slime creature (moderately wounded, 95% to hit)
The iron shot hits the large slime creature!!!
The large slime creature is severely wounded.
The blast sends you backwards.
Casting: Bombard (dangerous; 1% risk of failure)
Confirm with . or Enter, or press ? or * to list all spells.
You don't have enough magic to cast this spell.
Casting: Bombard (dangerous; 1% risk of failure)
Confirm with . or Enter, or press ? or * to list all spells.
You don't have enough magic to cast this spell.
Casting: Bombard (dangerous; 1% risk of failure)
Confirm with . or Enter, or press ? or * to list all spells.
You don't have enough magic to cast this spell.
You shoot a sling bullet.
The sling bullet hits the large slime creature.
The sling bullet freezes the large slime creature.
The large slime creature is severely wounded.
The large slime creature hits you but does no damage.
The large slime creature closely misses you.
You shoot a sling bullet.
The sling bullet completely misses the large slime creature.
The large slime creature closely misses you.
You shoot a sling bullet.
The sling bullet completely misses the large slime creature.
You block the large slime creature's attack.
The large slime creature hits you!
You shoot a sling bullet.
The sling bullet hits the large slime creature!
The sling bullet freezes the large slime creature.
The large slime creature is severely wounded.
The large slime creature hits you!! x2
* * * LOW HITPOINT WARNING * * *
The large slime creature attacks as it pursues you!
The large slime creature hits you!
You die...

####### #####....>.#
##.J.:......#
########.@###......#
#####........##
......#
#.....########
......# ####.#####
......# .....#
......# ..####
......# ..# ......#
..# ..#


You could see a large slime creature.

Vanquished Creatures
  Rupert (Lair:3)
  Nessos (Lair:3)
  4 entropy weavers (D:11)
  A fire dragon (D:9)
  Fannar (D:12)
  4 ghost crabs (D:11)
  4 hydras
  Erolcha (D:9)
  4 centaur warriors
  2 boulder beetles
  6 death yaks
  A hell hog (Lair:5)
  2 two-headed ogres
  Sonja (Lair:5)
  5 fire crabs (D:11)
  Amaemon (D:9)
  2 skysharks (Lair:5)
  A swamp dragon (Lair:2)
  2 lindwurms
  3 ugly things
  A deep elf pyromancer (D:12)
  Pikel (D:6)
  An orc knight (D:13)
  A wolf spider (Lair:5)
  A manticore (shapeshifter) (Bailey)
  A manticore (D:12)
  5 cyclopes
  8 black mambas
  9 elephants
  A guardian serpent (Lair:5)
  2 ice statues (IceCv)
  An apocalypse crab (D:11)
  2 gargoyles
  18 cane toads
  A rime drake (Lair:4)
  An orange demon (D:9)
  2 ice devils
  11 komodo dragons
  A freezing wraith (D:13)
  5 trolls
  A merfolk (Bailey)
  14 polar bears
  8 hornets
  A raiju (Lair:5)
  7 dream sheep
  5 blink frogs (Lair:3)
  11 slime creatures
  2 vampires
  A shadow (D:9)
  Eustachio (D:4)
  27 yaks
  16 wyverns
  2 wraiths
  13 humans
  5 basilisks
  4 wargs (Lair:5)
  A death yak simulacrum (IceCv)
  9 vampire mosquitoes
  3 steam dragons
  3 redbacks (Lair:5)
  16 hell hounds (Lair:5)
  An acid dragon (D:12)
  19 water moccasins
  A sky beast (D:8)
  An ogre (D:13)
  19 orc warriors
  The ghost of anver83 the Sneak, an amateur MiBr (D:3)
  16 black bears
  28 wolves
  3 centaurs
  2 lemures (D:6)
  3 phantoms
  3 kobold brigands
  10 bullfrogs
  3 gnoll sergeants (D:9)
  2 scorpions (D:5)
  18 wights
  An elephant simulacrum (IceCv)
  An electric eel (Lair:2)
  8 howler monkeys
  3 bombardier beetles
  6 jellies
  13 orc priests
  2 hounds
  3 gnoll boudas
  3 iguanas
  Ijyb (D:5)
  7 orc wizards
  2 polar bear simulacra (IceCv)
  A wolf simulacrum (IceCv)
  13 adders
  20 gnolls
  3 river rats
  2 shadow imps
  4 ufetubi
  3 ribbon worms
  7 dart slugs
  55 orcs
  5 bats
  10 endoplasms
  4 giant cockroaches
  10 hobgoblins
  7 jackals (D:2)
  14 kobolds
  3 quokkas
  11 ball pythons
  2 frilled lizards
  9 goblins
  A quokka zombie (D:7)
  5 rats
  A rat zombie (D:7)
640 creatures vanquished.

Vanquished Creatures (collateral kills)
  A human (D:13)
  24 boulders
25 creatures vanquished.

Vanquished Creatures (others)
  26 boulders
26 creatures vanquished.

Grand Total: 691 creatures vanquished

Notes
Turn   | Place    | Note
-------+----------+-------------------------------------------
     0 | D:1      | gohu the Gargoyle Earth Elementalist began the quest for
                  | the Orb.
     0 | D:1      | Reached XP level 1. HP: 10/10 MP: 3/3
    88 | D:1      | Reached skill level 4 in Earth Magic
   128 | D:1      | Reached XP level 2. HP: 15/15 MP: 1/5
   640 | D:1      | Reached XP level 3. HP: 14/19 MP: 3/6
   642 | D:1      | Reached skill level 5 in Earth Magic
  1087 | D:2      | Reached XP level 4. HP: 20/24 MP: 4/7
  1157 | D:2      | Reached skill level 6 in Earth Magic
  1813 | D:2      | Reached XP level 5. HP: 13/28 MP: 4/8
  2141 | D:3      | Reached skill level 7 in Earth Magic
  2218 | D:3      | Found a runed translucent door.
  2325 | D:3      | You fall into a shaft and drop 3 floors!
  2325 | D:6      | Found Nayniah's Antique Weapon Emporium.
  2366 | D:6      | Found Loett's Jewellery Shop.
  2373 | D:6      | Found Ufis's Armour Emporium.
  2386 | D:6      | Bought a +0 buckler for 63 gold pieces
  2386 | D:6      | Bought a +0 pair of gloves for 63 gold pieces
  2511 | D:6      | Learned a level 3 spell: Stone Arrow
  2516 | D:6      | Learned a level 4 spell: Brom's Barrelling Boulder
  2525 | D:6      | Found Sorut's Assorted Antiques.
  2568 | D:6      | Reached skill level 1 in Fighting
  2568 | D:6      | Reached XP level 6. HP: 34/34 MP: 4/9
  2641 | D:6      | Found a sparkling altar of Nemelex Xobeh.
  2653 | D:6      | Noticed a water moccasin
  2796 | D:6      | Found an iron altar of Okawaru.
  2830 | D:6      | Noticed Pikel
  2912 | D:6      | HP: 1/34 [Pikel/+1 whip of flaming (1)]
  2923 | D:6      | Killed Pikel
  2924 | D:6      | Reached XP level 7. HP: 13/40 MP: 1/11
  3059 | D:6      | Found Ixzofyuh's Magic Scroll Boutique.
  3066 | D:6      | Bought a scroll of teleportation for 36 gold pieces
  3066 | D:6      | Bought a scroll of identify for 24 gold pieces
  3334 | D:6      | Bought a purple potion for 25 gold pieces
  3334 | D:6      | Bought a viscous silvery potion for 25 gold pieces
  3334 | D:6      | Bought a scroll labelled TIMAXZ VEOMIF for 28 gold pieces
  3380 | D:6      | Found a staircase to the Ecumenical Temple.
  3385 | Temple   | Entered the Ecumenical Temple
  3399 | D:6      | Noticed a steam dragon
  3407 | D:6      | HP: 2/41 [steam dragon] (6)]
  3576 | D:5      | Entered Level 5 of the Dungeon
  3766 | D:4      | Noticed Eustachio
  4046 | D:3      | Found a glowing golden altar of the Shining One.
  4046 | D:3      | Found a glowing silver altar of Zin.
  4046 | D:3      | Found a white marble altar of Elyvilon.
  4085 | D:3      | Found a runed translucent door.
  4086 | D:3      | Noticed anver83's ghost (amateur MiBr)
  4092 | D:3      | Reached XP level 8. HP: 46/46 MP: 11/13
  4103 | D:3      | Killed anver83's ghost
  4104 | D:3      | Reached skill level 5 in Conjurations
  4435 | D:4      | Killed Eustachio
  5143 | D:5      | Noticed Ijyb
  5159 | D:5      | Killed Ijyb
  5785 | D:5      | Found a shimmering blue altar of Sif Muna.
  5788 | D:5      | Became a worshipper of Sif Muna the Loreminder
  5819 | D:5      | Reached XP level 9. HP: 48/52 MP: 10/15
  5875 | D:5      | Found an ornate altar of the Wu Jian Council.
  5939 | D:5      | Found a radiant altar of Vehumet.
  6027 | D:5      | Found an opulent altar of Gozag.
  6188 | D:5      | Learned a level 5 spell: Lee's Rapid Deconstruction
  6268 | D:6      | Reached skill level 5 in Fighting
  6429 | D:6      | Reached skill level 5 in Shields
  6861 | D:7      | Reached skill level 5 in Spellcasting
  6888 | D:7      | Found a flagged portal.
  6911 | Bailey   | Entered a bailey
  6929 | Bailey   | Reached * piety under Sif Muna
  7242 | Bailey   | Noticed an orc knight
  7278 | Bailey   | an orc knight changed into a shapeshifter
  7279 | Bailey   | a shapeshifter changed into a death drake
  7279 | Bailey   | Noticed a death drake (shapeshifter)
  7280 | Bailey   | a death drake changed into a shapeshifter
  7280 | Bailey   | a shapeshifter changed into a manticore
  7280 | Bailey   | Noticed a manticore (shapeshifter)
  7284 | Bailey   | Killed a manticore
  7285 | Bailey   | Reached XP level 10. HP: 9/61 MP: 8/18
  7607 | Bailey   | Noticed an orc knight
  7759 | Bailey   | an orc knight changed into an elephant
  7759 | Bailey   | Noticed an elephant
  7761 | Bailey   | an elephant changed into a merfolk
  7871 | Bailey   | Reached skill level 1 in Armour
  8293 | D:7      | Found a burning altar of Makhleb.
  8294 | D:7      | Found a broken altar of Ashenzari.
  8354 | D:7      | Found Quzxiumi's Firing Range.
  8573 | D:6      | Bought a +2 pair of boots of flying for 301 gold pieces
  8714 | D:7      | Reached skill level 8 in Earth Magic
  9177 | D:7      | Found Xuesosom's Magic Scroll Shop.
  9182 | D:7      | Bought a scroll of identify for 30 gold pieces
  9415 | D:8      | Reached ** piety under Sif Muna
  9650 | D:8      | Noticed a death yak
  9657 | D:8      | Noticed a death yak
  9661 | D:8      | Noticed a death yak
  9839 | D:8      | Reached skill level 10 in Conjurations
  9988 | D:8      | Reached skill level 5 in Armour
  9988 | D:8      | Reached skill level 10 in Earth Magic
  9988 | D:8      | Reached XP level 11. HP: 69/69 MP: 19/21
 10385 | D:8      | Reached skill level 11 in Earth Magic
 10492 | D:8      | Found a staircase to the Lair.
 10709 | D:8      | Found a snail-covered altar of Cheibriados.
 11158 | D:9      | Noticed Erolcha
 11166 | D:9      | Killed Erolcha
 11525 | D:9      | Reached XP level 12. HP: 75/75 MP: 21/23
 11605 | D:9      | Noticed Amaemon
 11657 | D:9      | Killed Amaemon
 11708 | D:9      | Found a staircase to the Orcish Mines.
 11714 | D:9      | Reached *** piety under Sif Muna
 12034 | D:9      | Noticed a centaur warrior
 12039 | D:9      | Killed a centaur warrior
 12044 | D:9      | Noticed a tengu warrior
 12267 | D:8      | Killed a death yak
 12268 | D:8      | Reached skill level 12 in Earth Magic
 12326 | D:10     | Entered Level 10 of the Dungeon
 12564 | D:7      | Killed a death yak
 12665 | D:8      | Killed a death yak
 12786 | Lair:1   | Entered Level 1 of the Lair of Beasts
 13623 | Lair:1   | Learned a level 6 spell: Bombard
 13636 | Lair:2   | Found an iron altar of Okawaru.
 13849 | Lair:2   | Reached skill level 1 in Invocations
 14611 | Lair:2   | Reached skill level 5 in Invocations
 14907 | Lair:2   | Found a hole to the Spider Nest.
 15000 | Lair:2   | Found a staircase to the Swamp.
 15027 | Lair:2   | Reached XP level 13. HP: 80/80 MP: 18/25
 15467 | Lair:3   | Noticed Nessos
 15473 | Lair:3   | Killed Nessos
 15680 | Lair:3   | Noticed Rupert
 15690 | Lair:3   | HP: 1/80 [Rupert/+3 heavy great mace (40)]
 15697 | Lair:3   | Killed Rupert
 16269 | Lair:3   | Identified the ring of Desertification {rPois rCorr Int+6
                  | Slay+3 Stlth-}
 16318 | Lair:3   | Reached skill level 13 in Earth Magic
 17777 | D:7      | Bought a scroll of fear for 60 gold pieces
 17777 | D:7      | Bought a scroll of teleportation for 45 gold pieces
 17777 | D:7      | Bought a scroll of revelation for 112 gold pieces
 17777 | D:7      | Bought a scroll of fear for 60 gold pieces
 17827 | D:6      | Bought a ring of magical power for 260 gold pieces
 18116 | D:9      | Identified the ring "Zyseikh" {Wiz rElec rCorr}
 18124 | D:9      | Noticed a fire dragon
 18138 | D:9      | Killed a fire dragon
 18312 | D:9      | Reached skill level 14 in Earth Magic
 18419 | D:9      | Reached **** piety under Sif Muna
 18691 | D:9      | Found a shadowy altar of Dithmenos.
 18778 | D:9      | Found Devairgha's Assorted Antiques.
 18787 | D:9      | Bought a scroll of blinking for 172 gold pieces
 18787 | D:9      | Bought a scroll labelled MULUEQERAE for 23 gold pieces
 18787 | D:9      | Bought a blue potion for 20 gold pieces
 18787 | D:9      | Bought a fuming black potion for 20 gold pieces
 18787 | D:9      | Bought a scroll of identify for 46 gold pieces
 19442 | Lair:4   | Gained mutation: Your large and strong wings let you fly.
                  | [Gargoyle growth]
 19442 | Lair:4   | Reached XP level 14. HP: 83/86 MP: 8/26
 20358 | Lair:5   | Entered Level 5 of the Lair of Beasts
 20594 | Lair:5   | Reached skill level 15 in Earth Magic
 20813 | Lair:5   | Identified the +2 hat "Weullu" {-Tele rElec rPois}
 20842 | Lair:5   | Found a viscous altar of Jiyva.
 20869 | Lair:5   | Found a staircase to the Slime Pits.
 22599 | Lair:5   | Reached skill level 16 in Earth Magic
 23404 | Lair:5   | Noticed Sonja
 23408 | Lair:5   | Killed Sonja
 23409 | Lair:5   | Reached skill level 15 in Conjurations
 24820 | Lair:5   | Reached XP level 15. HP: 91/91 MP: 27/27
 24867 | Lair:5   | Reached skill level 17 in Earth Magic
 24891 | Lair:5   | Reached ***** piety under Sif Muna
 26857 | D:10     | Found a hide-covered altar of Uskayaw.
 27337 | D:11     | Found a runed translucent door.
 28054 | D:11     | Identified the +1 robe of the Tundras {rElec}
 28665 | D:11     | Reached skill level 18 in Earth Magic
 29615 | D:12     | Noticed Fannar
 29622 | D:12     | Killed Fannar
 29896 | D:12     | Identified the +1 pair of gloves of Impermeability {^Drain
                  | Will- MP+9 Slay+4}
 30224 | D:12     | Found a broken altar of Ashenzari.
 30452 | D:12     | Identified a scroll of acquirement
 30453 | D:12     | Acquired the +1 pair of boots of the Sea {rElec Dex+5}
 30483 | D:13     | Found a gate to the Vaults.
 30515 | D:13     | Found a frozen archway.
 30580 | IceCv    | Entered an ice cave
 30659 | IceCv    | Found a transporter.
 30668 | IceCv    | Found a transporter.
 31320 | D:13     | Reached skill level 10 in Invocations
 32934 | D:13     | Received a gift from Sif Muna
 32941 | D:13     | Slain by a large slime creature

Illustrated notes

Levels and vault maps discovered:
D:1:      nicolae_arrival_somewhat_less_tricky_arrival, layout_rooms
D:2:      layout_basic
D:3:      layout_basic, good_gods_mini_temple, ebering_ghost_sewer_f,
          minmay_tree_intersection, amethyst_killhole
D:4:      layout_loops_cross, uniq_eustachio
D:5:      layout_loops_ring, lemuel_blue_sif_altar, grunt_gozag_breadcrumbs,
          mainiacjoe_overflow_catwalk_spiral, st_stairs_1,
          hangedman_decor_slide_cut, uniq_ijyb
D:6:      layout_basic, mainiacjoe_overflow_brackets,
          mainiacjoe_overflow_six_doors_small, temple_doors_ab, serial_shops,
          nicolae_shop_advertising_works [nicolae_subvault_shop_adworks], shop,
          nicolae_shop_stone, shop, shop, minmay_gold_behind_fungi,
          st_stairs_13, nicolae_figureground_pulse, uniq_pikel
D:7:      layout_cave_pods, gammafunk_temple_overflow_statue, serial_shops,
          nicolae_shop_pleasant_corner_grove, enter_ossuary_4, enter_bailey_4,
          nicolae_shop_firing_range
D:8:      layout_basic, mainiacjoe_overflow_alcove_1, dpeg_lair_monsters,
          eino_tiny_chamber
D:9:      hangedman_cross_veins, layout_irregular_city,
          nicolae_dithmenos_the_darkroom, orc_0_dummy, serial_shops, shop,
          eino_small_chamber_without_monster, uniq_erolcha, uniq_amaemon
D:10:     layout_small_grid, nicolae_uskayaw_dance_studio, minivault_19
D:11:     gammafunk_mikee_crab_dinner, layout_layer_cave
D:12:     layout_rooms, nicolae_ashenzari_panopticon, uniq_fannar
D:13:     layout_roguey [special_room_orc], david_vaults_3, serial_glass,
          glass_columns_a, glass_columns_b, portal_ice_cave_demonic_guard
Temple:   hellmonk_temple_micro_hex
Lair:1:   layout_loops_ring, serial_bayou_shore_b
Lair:2:   layout_small_grid, mainiacjoe_swamp_entry_lozenge_pond,
          dummy_spider_entry, basic_altar, chequers_serial_rivers_room_a,
          pdpol_lair_cavern_descent
Lair:3:   layout_hall_layers, st_stairs_4, cheibrodos_lair_lostbears,
          uniq_nessos, uniq_rupert
Lair:4:   wad_woods_04, layout_cave_shapes
Lair:5:   hangedman_lair_tendril_chambers, layout_gridlike,
          hangedman_lair_caniforms_friends, nicolae_slime_entry_slimehenge,
          uniq_sonja

Skill      XL: |  1  2  3  4  5  6  7  8  9 10 11 12 13 14 15 |
---------------+----------------------------------------------+-----
Earth Magic    | 4 5 6 7 10 11 12 14 16 18 | 18.4
Conjurations   | 2 4 6 9 10 11 13 15 16 | 16.9
Fighting       | 1 2 3 4 6 8 9 |  9.9
Shields        | 2 3 4 5 |  5.6
Spellcasting   | 3 4 5 7 8 |  8.4
Armour         | 5 6 7 |  7.2
Invocations    | 6 9 10 | 10.3
Dodging        | 2 |  2.4
Stealth        | |  2.1

Action                     |  1- 3 |  4- 6 |  7- 9 | 10-12 | 13-15 || total
---------------------------+-------+-------+-------+-------+-------++-------
   Fire: Sling             |       |    12 |    44 |    74 |    97 ||   227
  Throw: Throwing net      |       |       |       |     1 |       ||     1
   Cast: Sandblast         |    56 |    80 |   184 |   130 |     7 ||   457
         Stone Arrow       |       |       |    21 |   153 |   565 ||   739
         Brom's Barrelling |       |       |     4 |    31 |    22 ||    57
         Lee's Rapid Decon |       |       |       |     1 |     4 ||     5
         Bombard           |       |       |       |       |   238 ||   238
 Invoke: Channel Magic     |       |       |       |     1 |    23 ||    24
  Evoke: Wand              |       |       |     5 |     7 |     2 ||    14
    Use: Potion            |       |     2 |     2 |     1 |       ||     5
         Scroll            |       |       |    12 |     5 |    11 ||    28
 Armour: Robe              |    13 |    29 |    85 |   189 |       ||   316
         Leather armour    |       |       |       |     2 |   544 ||   546
  Dodge: Dodged            |     6 |    28 |    69 |   119 |   305 ||   527
  Block: Buckler           |       |     2 |    77 |    89 |   194 ||   362
         Reflection        |       |       |     1 |     3 |       ||     4
